AoeStats
← 鹿鳴

Arena

509844368Analyzed
4v4 RM · 6d ago on Sep 28, 2026· 57m 29s· 8 players
Game mode
Random Map
Map size
Large (8 player)
Population
200
Speed
Normal
Resources
Standard
Victory
Conquest
Starting age
Dark Age
Ending age
Imperial Age
RankedLock teamsTeams togetherTeam positionsShared explorationLock speedFull tech treeHidden civsTurbo modeCheats
Victory
Defeat
🇨🇳 Bohemians · China
1221
+15
🇰🇷 Byzantines · South Korea
1217
+15
🇹🇼 Burgundians · Taiwan
1177
+16
🇮🇳 Ethiopians · India
1150
+17
🇹🇼 Italians · Taiwan
1247
-18
🇹🇼 Danes · Taiwan
1210
-17
🇹🇼 Franks · Taiwan
1201
-16
🇲🇴 Cumans · Macao SAR China
1092
-12
恨海情天
10:36 Feudal Age
14:33 Castle Age
15:52 Loom
15:57 Double-Bit Axe
24:54 Horse Collar
26:48 Wheelbarrow
26:39 Town Watch
27:12 Scale Mail Armor
29:20 Hand Cart
32:25 Imperial Age
30:05 Squires
31:24 Heavy Plow
33:14 Ballistics
32:31 Crossbowman
33:22 Fletching
33:32 Padded Archer Armor
34:44 Chemistry
33:08 Arbalester
33:54 Thumb Ring
34:41 Bow Saw
35:13 Gold Mining
36:39 Bodkin Arrow
37:00 Leather Archer Armor
37:52 Bracer
41:13 Ring Archer Armor
41:00 Torsion Engines
41:20 Conscription
54:10 Siege Engineers
54:15 Masonry
Goembal
0:30 Loom
10:14 Feudal Age
10:44 Double-Bit Axe
13:35 Horse Collar
17:12 Castle Age
18:27 Bow Saw
21:35 Gold Mining
23:10 Gold Shaft Mining
25:47 Wheelbarrow
28:41 Imperial Age
26:25 Fortified Wall
27:34 Stone Mining
28:18 Hand Cart
28:30 Heavy Plow
29:06 Stone Shaft Mining
29:17 Scale Mail Armor
30:41 Two-Man Saw
30:16 Crop Rotation
30:52 Chemistry
31:32 Chain Mail Armor
31:36 Forging
30:53 Pikeman
31:13 Elite Varangian Guard
31:40 Arson
31:55 Squires
34:24 Plate Mail Armor
34:29 Iron Casting
36:13 Scale Barding Armor
38:11 Logistica
38:23 Conscription
39:00 Chain Barding Armor
38:33 Fletching
38:26 Treadmill Crane
40:31 Pikeman
40:32 Man-at-Arms
40:57 Gambesons
41:48 Plate Barding Armor
42:28 Halberdier
42:28 Long Swordsman
43:55 Two-Handed Swordsman
45:10 Murder Holes
45:35 Ballistics
44:49 Champion
45:27 Bodkin Arrow
45:33 Padded Archer Armor
44:56 Elite Skirmisher
46:48 Bracer
47:03 Leather Archer Armor
46:41 Guard Tower
46:37 Arrowslits
47:12 Bombard Tower
47:49 Guilds
48:09 Coinage
47:40 Caravan
49:29 Banking
48:50 Capped Ram
52:13 Husbandry
51:33 Light Cavalry
51:34 Cavalier
51:34 Heavy Camel Rider
52:27 Elite Cataphract
53:42 Hoardings
52:41 Hussar
53:54 Ring Archer Armor
54:03 Greek Fire
54:42 Keep
54:15 Paladin
鹿鳴
5:51 Double-Bit Axe
7:57 Horse Collar
11:52 Feudal Age
16:42 Castle Age
16:05 Loom
16:36 Bow Saw
16:28 Heavy Plow
22:11 Wheelbarrow
23:06 Cavalier
26:13 Hand Cart
25:45 Town Watch
26:19 Gold Mining
26:19 Stone Mining
32:47 Imperial Age
32:26 Burgundian Vineyards
32:50 Forging
32:46 Scale Barding Armor
32:45 Husbandry
33:08 Paladin
34:28 Iron Casting
35:28 Chain Barding Armor
36:19 Two-Man Saw
38:24 Blast Furnace
38:00 Plate Barding Armor
38:55 Conscription
39:53 Chemistry
39:04 Fortified Wall
因为
10:47 Feudal Age
11:54 Double-Bit Axe
15:07 Castle Age
13:59 Horse Collar
14:48 Loom
16:06 Bow Saw
17:53 Heavy Plow
22:07 Devotion
24:12 Wheelbarrow
28:14 Pikeman
30:37 Scale Mail Armor
30:48 Forging
34:51 Imperial Age
33:39 Squires
34:25 Hand Cart
35:48 Chemistry
35:09 Ballistics
35:32 Fervor
35:55 Conscription
40:43 Chain Mail Armor
41:04 Iron Casting
41:28 Halberdier
43:13 Plate Mail Armor
43:05 Man-at-Arms
44:14 Long Swordsman
45:22 Masonry
44:51 Two-Handed Swordsman
45:28 Elite Hussite Wagon
47:57 Two-Man Saw
49:44 Blast Furnace
48:35 Fletching
50:04 Siege Engineers
52:39 Wagenburg Tactics
53:52 Town Watch
54:08 Bodkin Arrow
57:15 Champion
57:43 Arson
Speechless
6:16 Loom
12:08 Feudal Age
14:10 Double-Bit Axe
16:39 Castle Age
15:59 Gold Mining
20:17 Town Watch
21:14 Wheelbarrow
24:46 Scale Barding Armor
25:57 Chain Barding Armor
26:51 Forging
27:29 Bow Saw
27:35 Husbandry
29:41 Hand Cart
34:03 Imperial Age
34:52 Iron Casting
34:07 Cavalier
35:14 Conscription
35:33 Plate Barding Armor
37:08 Blast Furnace
38:22 Chivalry
37:45 Paladin
39:27 Fletching
41:59 Fortified Wall
41:30 Treadmill Crane
44:28 Chemistry
43:50 Ballistics
44:52 Padded Archer Armor
46:35 Hoardings
51:21 Coinage
51:38 Murder Holes
51:53 Masonry
54:36 Architecture
54:12 Siege Engineers
54:17 Light Cavalry
Maple
9:41 Feudal Age
11:45 Double-Bit Axe
14:01 Castle Age
13:50 Horse Collar
15:51 Bow Saw
18:41 Gold Mining
19:13 Loom
20:37 Redemption
23:17 Loom
26:00 Wheelbarrow
31:37 Imperial Age
31:02 Hand Cart
33:26 Squires
34:36 Two-Man Saw
33:37 Heavy Plow
33:49 Scale Mail Armor
34:32 Forging
34:16 Gold Mining
35:34 Chain Mail Armor
36:45 Plate Mail Armor
36:59 Man-at-Arms
37:54 Long Swordsman
40:05 Crop Rotation
39:05 Two-Handed Swordsman
42:28 Stone Mining
Barbaren
0:30 Loom
11:57 Feudal Age
12:40 Double-Bit Axe
18:11 Horse Collar
18:24 Gold Mining
22:29 Horse Collar
24:57 Wheelbarrow
26:30 Castle Age
25:39 Stone Mining
27:28 Heavy Plow
29:23 Hand Cart
33:50 Imperial Age
33:15 Gold Shaft Mining
33:11 Masonry
33:14 Town Watch
33:52 Bow Saw
35:29 Crop Rotation
36:00 Two-Man Saw
35:49 Fletching
36:25 Steppe Husbandry
37:30 Conscription
37:10 Bodkin Arrow
38:05 Padded Archer Armor
37:36 Elite Skirmisher
39:31 Thumb Ring
40:13 Leather Archer Armor
41:35 Onager
42:34 Bloodlines
41:46 Light Cavalry
42:34 Hussar
43:22 Scale Barding Armor
44:32 Chain Barding Armor
44:43 Ring Archer Armor
46:12 Plate Barding Armor
46:34 Forging
51:17 Capped Ram
53:24 Coinage
Meteor
10:20 Feudal Age
14:02 Castle Age
12:47 Double-Bit Axe
21:33 Horse Collar
25:14 Wheelbarrow
25:26 Bow Saw
25:10 Gold Mining
25:24 Heavy Plow
27:08 Hand Cart
29:30 Imperial Age
27:39 Stone Mining
28:22 Forging
28:14 Scale Mail Armor
28:08 Loom
28:14 Town Watch
29:06 Gold Shaft Mining
29:10 Stone Shaft Mining
30:00 Chain Mail Armor
30:21 Iron Casting
31:24 Conscription
30:30 Elite Varangian Guard
30:47 Capped Ram
32:16 Squires
32:04 Arson
31:44 Hamask
32:07 Siege Ram
32:27 Elite Jomsviking
32:56 Gambesons
33:58 Siege Engineers
35:31 Plate Mail Armor
36:02 Blast Furnace
36:24 Onager
44:07 Northmen's Fury
44:47 Siege Onager
48:01 Pikeman
48:41 Halberdier
52:26 Chemistry
52:25 Heavy Scorpion
Connection lost

Rejoining the realm…

Still unreachable

The connection could not be restored.

Session expired

The server has moved on; the page needs a fresh start.